 Dungeon Crawl Stone Soup version 0.28-b1-25-g9875b3fc8c (webtiles) character file.

Game seed: 14867040228162043913

811 hawla the Magician (level 7, -4/41 HPs)
             Began as a Deep Elf Conjurer on Jan 31, 2022.
             Was a Follower of Vehumet.
             Slain by a troll (17 damage)
             ... on level 5 of the Dungeon.
             The game lasted 00:15:50 (6044 turns).

hawla the Magician (Deep Elf Conjurer)              Turns: 6044, Time: 00:15:51

Health: -4/41      AC:  7    Str:  4    XL:     7   Next: 61%
Magic:  8/19       EV: 12    Int: 25    God:    Vehumet [*.....]
Gold:   175        SH:  0    Dex: 13    Spells: 14/19 levels left

rFire   . . .      SeeInvis .   f - +4 dagger
rCold   . . .      Faith    .   (no shield)
rNeg    + . .      Spirit   .   a - +1 robe
rPois   .          Reflect  .   (no helmet)
rElec   .          Harm     .   (no cloak)
rCorr   .          Rampage  .   (no gloves)
Will    .....                   (no boots)
Stlth   ++........              (no amulet)
HPRegen 0.13/turn               k - ring of positive energy
MPRegen 0.16/turn               n - +4 ring of protection

@: no status effects
A: no striking features
a: Renounce Religion


You were on level 5 of the Dungeon.
You worshipped Vehumet.
Vehumet was aware of your devotion.
You visited 2 branches of the dungeon, and saw 7 of its levels.

You collected 175 gold pieces.

Inventory:

Hand Weapons
 f - a +4 dagger (weapon)
Missiles
 d - 10 poisoned darts (quivered)
 m - 2 datura-tipped darts
Armour
 a - a +1 robe (worn)
Jewellery
 k - a ring of positive energy (left hand)
 n - a +4 ring of protection (right hand)
Wands
 l - a wand of polymorph (5)
Scrolls
 g - 2 scrolls of identify {unknown}
 i - 2 scrolls of fear {unknown}
Potions
 b - a potion of curing
 c - a potion of haste
 e - a potion of lignification
 h - a potion of mutation {unknown}
 j - a potion of heal wounds {unknown}


   Skills:
 - Level 3.0 Fighting
 + Level 1.1 Throwing
 - Level 2.4 Dodging
 - Level 2.4 Stealth
 + Level 6.8 Spellcasting
 - Level 6.0 Conjurations
 - Level 1.5 Translocations
 + Level 3.8 Air Magic
 + Level 0.2 Evocations


You had 14 spell levels left.
You knew the following spells:

 Your Spells              Type           Power      Damage    Failure   Level
a - Magic Dart            Conj           100%       1d8       1%          1
b - Searing Ray           Conj           76%        2d7       1%          2
c - Static Discharge      Conj/Air       33%        N/A       1%          2

Your spell library contained the following spells:

 Spells                   Type           Power      Damage    Failure   Level
 Shock                    Conj/Air       100%       1d9       1%          1
 Dazzling Flash           Conj/Hex       46%        N/A       6%          3
 Ensorcelled Hibernation  Hex/Ice        16%        N/A       11%         2
 Iskenderun's Mystic Bla  Conj/Tloc      27%        2d7       14%         4
 Spider Form              Tmut/Pois      8%         N/A       21%         3
 Fulminant Prism          Conj/Hex       11%        3d9       21%         4
 Lightning Bolt           Conj/Air       16%        1d30      26%         5
 Anguish                  Hex/Necr       4%         N/A       56%         4
 Maxwell's Capacitive Co  Air            13%        ∞         100%        8


Dungeon Overview and Level Annotations

Branches:
Dungeon (6/15)             Temple (1/1) D:6

Altars:
Ashenzari
Cheibriados
Dithmenos
Elyvilon
Fedhas
Gozag
Hepliaklqana
Kikubaaqudgha
Makhleb
Nemelex Xobeh
Okawaru
Qazlal
Ru
Sif Muna
Uskayaw
Vehumet
Wu Jian
Xom
Yredelemnul
Zin
The Shining One

Shops:
D:1 ?

Annotations:
D:4 kill the mummy, Menkaure


Message History

Casting: Searing Ray (safe; 1% risk of failure)
Confirm with . or Enter, or press ? or * to list all spells.
Aiming: Searing Ray (safe; 1% risk of failure)
Press: ? - help, Shift-Dir - straight line, f/p - troll
Aim: a troll (81% to hit)
The searing ray hits the troll.
The troll is lightly wounded. (Press . to maintain the ray.)
The searing ray hits the troll.
The troll is lightly wounded.
The troll misses you. The troll claws you but does no damage.
The troll closely misses you.
The searing ray hits the troll.
The troll is moderately wounded.
The troll closely misses you. The troll claws you but does no damage.
The troll claws you!
The searing ray hits the troll.
The troll is moderately wounded.
You finish channelling your searing ray.
The troll barely misses you. x2; The troll claws you.
Casting: Searing Ray (safe; 1% risk of failure)
Confirm with . or Enter, or press ? or * to list all spells.
The troll is struck by an arc of lightning!
The troll is heavily wounded.
The lightning grounds out.
The troll bites you but does no damage. The troll claws you.
The troll claws you!
Your magical contamination has completely faded away.
Casting: Static Discharge (safe; 1% risk of failure)
Confirm with . or Enter, or press ? or * to list all spells.
Aiming: Searing Ray (safe; 1% risk of failure)
Press: ? - help, Shift-Dir - straight line, f/p - troll
Aim: a troll (heavily wounded, 81% to hit)
The searing ray hits the troll.
The troll is severely wounded. (Press . to maintain the ray.)
The troll barely misses you. The troll claws you. The troll barely misses you.
The searing ray hits the troll!
The troll is almost dead.
The troll bites you!
You die...

....... ###≈.≈###§.
....... ......§§#
#≈.§ #≈. .......
#.....§§###≈ #§.
..##... ##.....§§≈≈§
≈§≈. ..# <.
##...)....... ..§..
... .###........≈≈≈
§≈≈≈. ............≈#
.≈ ≈. #..........≈#
≈.§ #..T@....≈###≈.≈
§
.......#....≈≈§≈≈.≈≈
≈.
...[...#......§§.§..
..
.#.#...#..§.§≈≈≈§.§≈
≈. #
##.##....≈###≈.≈# ≈.
## #..§§≈# #≈.≈# #≈.
###..§###≈.≈###≈.
#..§§≈≈≈.≈≈≈≈≈.
#...........§..


You could see a troll.

Vanquished Creatures
  A wyvern (D:5)
  A water moccasin (D:3)
  A black bear (D:4)
  A bullfrog skeleton (D:6)
  A hound (D:5)
  4 iguanas
  4 orc wizards
  A killer bee zombie (D:5)
  A hound skeleton (D:4)
  9 adders
  A howler monkey skeleton (D:5)
  A white imp (D:6)
  An ufetubus (D:4)
  2 worms (D:4)
  2 dart slugs
  7 orcs
  2 bats (D:1)
  5 endoplasms
  A giant cockroach (D:3)
  6 goblins
  8 hobgoblins
  7 kobolds
  5 quokkas
  3 ball pythons
  3 frilled lizards
  6 rats
84 creatures vanquished.

Vanquished Creatures (others)
  An orc wizard (D:4)
1 creature vanquished.

Grand Total: 85 creatures vanquished

Notes
Turn   | Place    | Note
-------+----------+-------------------------------------------
     0 | D:1      | hawla the Deep Elf Conjurer began the quest for the Orb.
     0 | D:1      | Reached XP level 1. HP: 10/10 MP: 6/6
     0 | D:1      | Upgraded the game from 0.28-b1-1-g3c77fb2ed1 to
                  | 0.28-b1-25-g9875b3fc8c
   280 | D:1      | Reached XP level 2. HP: 16/16 MP: 1/8
   283 | D:1      | Learned a level 2 spell: Searing Ray
   667 | D:1      | Reached skill level 1 in Translocations
   970 | D:1      | Found Ukhlizoew's Magic Scroll Shop.
  1118 | D:1      | Found a faded altar of an unknown god.
  1284 | D:2      | Reached XP level 3. HP: 20/20 MP: 8/10
  1408 | D:2      | Reached skill level 1 in Fighting
  2353 | D:3      | Learned a level 2 spell: Static Discharge
  2665 | D:3      | Reached XP level 4. HP: 25/25 MP: 8/11
  2665 | D:3      | Noticed a water moccasin
  2870 | D:3      | Killed a water moccasin
  2871 | D:3      | Reached skill level 5 in Conjurations
  2871 | D:3      | Reached skill level 1 in Air Magic
  2871 | D:3      | Reached XP level 5. HP: 13/30 MP: 5/13
  3442 | D:4      | Noticed a black bear
  3447 | D:4      | You fall into a shaft and drop 2 floors!
  3746 | D:6      | Found a staircase to the Ecumenical Temple.
  3772 | Temple   | Entered the Ecumenical Temple
  3945 | Temple   | Became a worshipper of Vehumet
  4031 | D:6      | Reached XP level 6. HP: 36/36 MP: 11/15
  4037 | D:5      | Entered Level 5 of the Dungeon
  4045 | D:5      | Reached skill level 5 in Spellcasting
  4805 | D:4      | Reached XP level 7. HP: 25/41 MP: 8/17
  5065 | D:4      | Noticed Menkaure
  5091 | D:5      | Noticed a wyvern
  5097 | D:5      | Killed a wyvern
  5458 | D:5      | Reached * piety under Vehumet
  5458 | D:5      | Offered knowledge of Shock by Vehumet.
  5664 | D:5      | Reached skill level 1 in Throwing
  6034 | D:5      | Noticed a troll
  6044 | D:5      | Slain by a troll

Illustrated notes

Levels and vault maps discovered:
D:1:      lemuel_arrival_rhombus, layout_loops_corners, serial_shops, shop,
          shapermc_ecumenical_altar_mp_urbaneastern
D:2:      layout_basic, minmay_misc_feat_alley, roderic_lattice_a, hex_tiny
D:3:      layout_rooms
D:4:      layout_cave_pools, trog_hazing_becter, uniq_menkaure
D:5:      layout_cave_pools, kennysheep_boxes
D:6:      layout_layer_cave, minmay_temple_entry_glass
Temple:   mainiacjoe_temple_archimedes_tessellation

Skill      XL: |  1  2  3  4  5  6  7 |
---------------+----------------------+-----
Translocations | 1 |  1.5
Fighting       | 1 2 3 |  3.0
Spellcasting   | 4 5 6 |  6.8
Conjurations   | 5 6 |  6.0
Air Magic      | 1 2 3 |  3.8
Throwing       | 1 |  1.1
Dodging        | |  2.4
Stealth        | |  2.4
Evocations     | |  0.2

Action                   |  1- 3 |  4- 6 |  7- 9 || total
-------------------------+-------+-------+-------++-------
Melee: Unarmed           |    13 |       |       ||    13
       Dagger            |       |     5 |    17 ||    22
Throw: Dart              |       |    14 |       ||    14
 Cast: Magic Dart        |    47 |     8 |    12 ||    67
       Searing Ray       |    14 |    21 |    18 ||    53
       Static Discharge  |     1 |     7 |     4 ||    12
  Use: Potion            |       |     3 |       ||     3
       Scroll            |       |     3 |       ||     3
 Stab: Sleeping          |       |       |     1 ||     1
Armor: Robe              |     3 |     4 |    14 ||    21
       Skin              |       |     4 |       ||     4
Dodge: Dodged            |    12 |    21 |    33 ||    66
